 Dungeon Crawl Stone Soup version 0.25.0-10-g039870ee82 (webtiles) character file.

Game seed: 948986924929665455

7938 Lauz the Destroyer (level 11, -3/56 HPs)
             Began as a Deep Elf Fire Elementalist on June 22, 2020.
             Was an Elder of Sif Muna.
             Slain by a yak (4 damage)
             ... on level 9 of the Dungeon.
             The game lasted 00:57:06 (15727 turns).

Lauz the Destroyer (Deep Elf Fire Elementalist)    Turns: 15727, Time: 00:57:08

Health: -3/56      AC:  9    Str:  5    XL:     11   Next: 3%
Magic:  26/28      EV: 12    Int: 24    God:    Sif Muna [****..]
Gold:   316        SH:  4    Dex: 15    Spells: 13/33 levels left

rFire    . . .     SeeInvis .   z - staff of conjuration
rCold    . . .     Gourm    .   G - +0 buckler
rNeg     . . .     Faith    .   a - +0 robe
rPois    +         Spirit   .   D - +1 helmet
rElec    .         Reflect  .   F - +2 cloak {rPois}
rCorr    .         Harm     .   h - +0 pair of gloves
MR       +....                  L - +0 pair of boots
Stlth    ++........             (no amulet)
HPRegen  0.18/turn              I - ring of wizardry
MPRegen  0.21/turn              A - ring of wizardry

@: very slightly contaminated
A: no striking features
a: Channel Magic, Forget Spell, Divine Exegesis, Renounce Religion


You were on level 9 of the Dungeon.
You worshipped Sif Muna.
Sif Muna was greatly pleased with you.
You were not hungry.

You visited 3 branches of the dungeon, and saw 13 of its levels.
You visited 1 bazaar.
You also visited: Sewer.

You collected 563 gold pieces.
You spent 247 gold pieces at shops.

Inventory:

Hand Weapons
 b - a +0 short sword
Armour
 a - a +0 robe (worn)
 h - a +0 pair of gloves (worn)
 D - a +1 helmet (worn)
 F - a +2 cloak of poison resistance (worn)
 G - a +0 buckler (worn)
 J - a +2 cloak
 L - a +0 pair of boots (worn)
Magical Staves
 z - an uncursed staff of conjuration (weapon)
Jewellery
 A - a ring of wizardry (right hand)
 E - an uncursed ring of teleportation
 I - a ring of wizardry (left hand)
Wands
 k - a wand of clouds (3)
 v - a wand of flame (10)
 y - a wand of enslavement (11)
Scrolls
 f - 4 scrolls of teleportation
 j - 7 scrolls of identify
 l - 3 scrolls of noise
 m - 3 scrolls of remove curse
 n - 2 scrolls of magic mapping
 p - a scroll of fog
 r - 3 scrolls of amnesia {unknown}
 s - a scroll of immolation {unknown}
 w - 2 scrolls of enchant weapon {unknown}
 C - a scroll of enchant armour {unknown}
 K - a scroll of random uselessness {unknown}
Potions
 e - 3 potions of lignification
 g - 4 potions of flight
 i - 3 potions of brilliance
 o - 2 potions of degeneration {unknown}
 q - 2 potions of resistance {unknown}
 t - 2 potions of heal wounds
 u - 3 potions of curing {unknown}
 x - 2 potions of berserk rage {unknown}
 B - 2 potions of stabbing {unknown}
Miscellaneous
 H - a phial of floods
Comestibles
 c - 19 rations
 d - 5 chunks of flesh


   Skills:
 + Level 1.1 Fighting
 + Level 0.1 Staves
 - Level 2.4 Dodging
 - Level 2.8 Stealth
 * Level 2.5 Shields
 + Level 11.5 Spellcasting
 + Level 11.8 Conjurations
 + Level 1.2 Hexes
 - Level 10.0 Fire Magic
 + Level 0.4 Air Magic
 + Level 0.2 Poison Magic
 + Level 0.4 Invocations


You had 13 spell levels left.
You knew the following spells:

 Your Spells              Type           Power        Failure   Level  Hunger
a - Foxfire               Conj/Fire      ####         1%          1    None
b - Conjure Flame         Conj/Fire      #######.     1%          3    None
c - Sticky Flame          Conj/Fire      #######.     1%          4    None
d - Fireball              Conj/Fire      #######...   1%          5    ####...
e - Mephitic Cloud        Conj/Pois/Air  ######..     1%          3    None
f - Blink                 Tloc           N/A          2%          2    None
g - Slow                  Hex            ###.....     1%          2    None

Your spell library contained the following spells:

 Spells                   Type           Power        Failure   Level  Hunger
 Corona                   Hex            ###....      1%          1    None
 Infusion                 Chrm           ##..         1%          1    None
 Magic Dart               Conj           ####         1%          1    None
 Ensorcelled Hibernation  Hex/Ice        ###...       1%          2    None
 Dazzling Flash           Conj/Hex       ######       1%          3    None
 Inner Flame              Hex/Fire       #####...     1%          3    None
 Call Imp                 Summ           ##......     2%          2    None
 Shroud of Golubria       Chrm/Tloc      ##....       2%          2    None
 Song of Slaying          Chrm           ##......     2%          2    None
 Confusing Touch          Hex            ###.....     2%          3    None
 Tukima's Dance           Hex            ###.....     2%          3    None
 Spectral Weapon          Hex/Chrm       ###.....     3%          3    None
 Ozocubu's Armour         Chrm/Ice       ##......     4%          3    None


Dungeon Overview and Level Annotations

Branches:
Dungeon (11/15)            Temple (1/1) D:4            Lair (1/6) D:9
  Sewer (visited)
    Orc: D:9-12

Altars:
Ashenzari
Cheibriados
Dithmenos
Elyvilon
Fedhas
Gozag
Hepliaklqana
Kikubaaqudgha
Nemelex Xobeh
Sif Muna
Trog
Wu Jian
Yredelemnul
The Shining One

Shops:
D:10 *

Portals:
Abyss: D:7

Annotations:
D:6 1 runed translucent door, protoss039's ghost, novice DEFE
D:7 2 transporters, LaGuigne83's ghost, novice HuGl
Lair:1 exclusion: oklob plant


Message History

The yak barely misses you. The yak gores you but does no damage.
The porcupine closely misses you. The yak completely misses you.
You block the yak's attack. The yak closely misses you.
The porcupine barely misses you.
A yak comes into view.
There is a staircase back to the Dungeon, spattered with blood here.
The yak bellows!
You hear a bellow!
The yak gores you! x3; The porcupine bites you!
* * * LOW HITPOINT WARNING * * *
You climb upwards.
Welcome back to the Dungeon!
There is a staircase to the Lair here.
Unknown command.
Casting: Fireball (dangerous; 1% risk of failure)
Confirm with . or Enter, or press ? or * to list all spells.
You miscast Blink.
You are very lightly contaminated with residual magic.
Nothing appears to happen.
The yak gores you!
* * * LOW HITPOINT WARNING * * *
The porcupine closely misses you. The yak gores you.
You die...

##...## #.#.#
##PP...## #.#.#
#PPP....# #.#.#
#PPP....####.#.#
#PPPP........#.#
#PPPPP...#####.#
#PPPP.รท........#
#PPY.....#######
#P.@r....#
#PYYPP..##


#PPPPP..# ##PPPPP## ####### You could see 3 yaks and a porcupine.

Vanquished Creatures
  A spiny frog (Lair:1)
  A gargoyle (D:10)
  2 komodo dragons
  A troll (D:11)
  A hornet (D:11)
  Grinder (D:4)
  A hippogriff (D:11)
  A yak (D:9)
  2 basilisks (Lair:1)
  Edmund (D:4)
  2 water moccasins
  3 sky beasts
  6 orc warriors
  An ice beast (D:10)
  2 black bears
  An eye of draining (D:9)
  3 phantoms
  A centaur (D:10)
  3 ogres
  A crocodile (Lair:1)
  2 big kobolds
  6 bullfrogs
  A gnoll sergeant (D:8)
  A water moccasin skeleton (D:6)
  6 wights
  3 howler monkeys
  2 centaur zombies (D:10)
  6 hounds
  6 orc priests
  2 jellies
  11 orc wizards
  2 bullfrog skeletons
  4 centaur skeletons
  Jessica (D:3)
  5 iguanas
  7 worker ants
  2 hound zombies
  2 hound skeletons
  Robin (D:3)
  8 gnolls
  A howler monkey skeleton (D:8)
  A worker ant zombie (D:9)
  8 adders
  A river rat (Sewer)
  4 shadow imps
  3 oozes
  2 adder skeletons
  An adder zombie (D:9)
  2 worms
  2 dart slugs
  4 leopard geckos
  50 orcs
  2 ball pythons
  5 bats (D:1)
  5 giant cockroaches
  24 goblins
  7 hobgoblins
  12 jackals
  9 kobolds
  8 quokkas
  5 frilled lizards
  2 jackal skeletons
  A leopard gecko skeleton (D:6)
  A quokka skeleton (D:10)
  8 rats
  4 plants (D:9)
285 creatures vanquished.

Vanquished Creatures (collateral kills)
  An orc wizard (D:5)
  A dart slug (D:1)
2 creatures vanquished.

Vanquished Creatures (others)
  Ijyb (D:3)
  839 foxfires
  5 plants
845 creatures vanquished.

Grand Total: 1132 creatures vanquished

Notes
Turn   | Place    | Note
-------+----------+-------------------------------------------
     0 | D:1      | Lauz the Deep Elf Fire Elementalist began the quest for the
                  | Orb.
     0 | D:1      | Reached XP level 1. HP: 10/10 MP: 6/6
   152 | D:1      | Reached XP level 2. HP: 12/15 MP: 4/8
   556 | D:1      | Reached XP level 3. HP: 19/19 MP: 8/10
  1112 | D:2      | Found a shattered altar of Ashenzari.
  1544 | D:2      | Reached XP level 4. HP: 18/24 MP: 7/11
  1623 | D:2      | Learned a level 3 spell: Conjure Flame
  2067 | D:3      | Noticed Robin
  2072 | D:3      | Killed Robin
  2210 | D:3      | Noticed Jessica
  2225 | D:3      | Reached skill level 5 in Fire Magic
  2225 | D:3      | Reached XP level 5. HP: 28/28 MP: 3/13
  2469 | D:3      | Found a white marble altar of Elyvilon.
  2470 | D:3      | Found an ornate altar of the Wu Jian Council.
  2566 | D:3      | Killed Jessica
  2758 | D:3      | Noticed Ijyb
  2767 | D:3      | Killed Ijyb
  3135 | D:3      | Reached skill level 5 in Spellcasting
  3299 | D:3      | Reached XP level 6. HP: 32/32 MP: 13/15
  3598 | D:4      | Noticed Edmund
  3806 | D:4      | Found a faded altar of an unknown god.
  3806 | D:4      | Found a staircase to the Ecumenical Temple.
  3815 | Temple   | Entered the Ecumenical Temple
  3885 | Temple   | Became a worshipper of Sif Muna the Loreminder
  4458 | D:4      | Noticed Grinder
  4469 | D:4      | Killed Grinder
  4469 | D:4      | Reached XP level 7. HP: 28/36 MP: 10/18
  4596 | D:4      | Found a basalt altar of Yredelemnul.
  4836 | D:4      | Killed Edmund
  4957 | D:5      | Entered Level 5 of the Dungeon
  5083 | D:5      | Found a glowing drain.
  5088 | Sewer    | Entered a sewer
  5263 | Sewer    | Reached * piety under Sif Muna
  5377 | Sewer    | Found a white marble altar of Elyvilon.
  5479 | D:5      | Found a shadowy altar of Dithmenos.
  5481 | D:5      | Found a glowing golden altar of the Shining One.
  5482 | D:5      | Found an opulent altar of Gozag.
  6380 | D:6      | Found a runed translucent door.
  6380 | D:6      | Reached skill level 5 in Conjurations
  6380 | D:6      | Reached XP level 8. HP: 41/41 MP: 16/20
  6387 | D:6      | Noticed protoss039's ghost (novice DEFE)
  7316 | D:7      | Noticed a red ugly thing
  7329 | D:7      | Found a transporter.
  7526 | D:7      | Found a transporter.
  7531 | D:7      | Noticed LaGuigne83's ghost (novice HuGl)
  7993 | D:7      | Learned a level 4 spell: Sticky Flame
  7999 | D:7      | Learned a level 5 spell: Fireball
  8125 | D:7      | Found a one-way gate to the infinite horrors of the Abyss.
  8156 | D:7      | Reached XP level 9. HP: 44/45 MP: 20/23
  8209 | D:7      | Reached ** piety under Sif Muna
  8446 | D:7      | Learned a level 3 spell: Mephitic Cloud
  9025 | D:8      | Found an ancient bone altar of Kikubaaqudgha.
  9542 | D:8      | Reached skill level 10 in Fire Magic
 10960 | D:9      | Reached *** piety under Sif Muna
 11003 | D:9      | Found a snail-covered altar of Cheibriados.
 11017 | D:9      | Found a bloodstained altar of Trog.
 11103 | D:9      | Found a staircase to the Lair.
 11104 | D:9      | Noticed a komodo dragon
 11194 | D:9      | Killed a komodo dragon
 11581 | D:9      | Learned a level 2 spell: Blink
 11582 | Lair:1   | Entered Level 1 of the Lair of Beasts
 11591 | Lair:1   | Noticed an oklob plant
 11596 | Lair:1   | Noticed a spiny frog
 11608 | Lair:1   | Killed a spiny frog
 11608 | Lair:1   | Reached skill level 10 in Conjurations
 11608 | Lair:1   | Reached XP level 10. HP: 51/51 MP: 18/25
 11843 | D:10     | Entered Level 10 of the Dungeon
 12189 | D:10     | Noticed a gargoyle
 12290 | D:10     | Reached skill level 10 in Spellcasting
 12926 | D:10     | Found Ozucvees's Assorted Antiques.
 12939 | D:10     | Bought a glowing cloak for 247 gold pieces
 13015 | D:10     | Reached skill level 1 in Fighting
 13203 | D:10     | Killed a gargoyle
 13203 | D:10     | Reached skill level 1 in Shields
 13311 | D:10     | Learned a level 2 spell: Slow
 13721 | D:11     | Found a flickering gateway to a bazaar.
 13727 | Bazaar   | Entered a bazaar
 13739 | Bazaar   | Found Vesokh's Antique Weapon Shoppe.
 13740 | Bazaar   | Found Witesh's Armour Shoppe.
 13776 | Bazaar   | Found Afran's Food Emporium.
 13776 | Bazaar   | Found Apliabb's Jewellery Emporium.
 14038 | D:11     | Reached **** piety under Sif Muna
 15331 | Lair:1   | Reached skill level 1 in Hexes
 15344 | Lair:1   | Reached XP level 11. HP: 7/56 MP: 12/28
 15727 | D:9      | HP: 1/56 [yak (12)]
 15727 | D:9      | Slain by a yak

Illustrated notes

Levels and vault maps discovered:
D:1:      tarquinn_simple_flora_water_b, layout_loops_cross,
          minmay_tiny_reverse_x
D:2:      layout_loops_ring, nicolae_ashenzari_panopticon,
          kennysheep_another_room
D:3:      layout_basic, grunt_temple_overflow_open, first_ration, uniq_ijyb,
          uniq_robin, uniq_jessica
D:4:      layout_loops_ring, kennysheep_little_box,
          nicolae_temple_entry_ecumenical, uniq_grinder, uniq_edmund
D:5:      layout_basic, gammafunk_temple_overflow_forgotten,
          portal_sewer_entry_e
D:6:      layout_cave_pools, ebering_ghost_sewer_d, hex_tiny
D:7:      layout_gridville, gammafunk_ghost_abyssal_escape
D:8:      layout_gridville, kiku_gazebo_garden_becter
D:9:      layout_basic, amethyst_overflow_temple_binary, david_lair_shrubbed
D:10:     layout_loops_ring, serial_shops, nicolae_shop_overgrown_old_shop
D:11:     layout_loops_corners, serial_shops, bzr_entry_gold
Temple:   minmay_temple_forest_path
Lair:1:   layout_long_grid, grunt_forest_large_clearing_hut, grunt_megastairs_4,
          minmay_lair_oklob_chamber

Skill      XL: |  1  2  3  4  5  6  7  8  9 10 |
---------------+-------------------------------+-----
Fire Magic     | 4 5 7 9 10 | 10.0
Spellcasting   | 4 5 6 7 8 9 11 | 11.5
Conjurations   | 2 4 5 6 10 11 | 11.8
Fighting       | 1 |  1.1
Shields        | 2 |  2.5
Hexes          | 1 |  1.2
Staves         | |  0.1
Dodging        | |  2.4
Stealth        | |  2.8
Air Magic      | |  0.4
Poison Magic   | |  0.2
Invocations    | |  0.4

Action                   |  1- 3 |  4- 6 |  7- 9 | 10-12 || total
-------------------------+-------+-------+-------+-------++-------
Melee: Short sword       |       |       |    29 |       ||    29
       Staff             |       |       |       |    21 ||    21
 Cast: Foxfire           |    69 |   150 |   331 |    42 ||   592
       Conjure Flame     |       |       |     3 |    13 ||    16
       Fireball          |       |       |    13 |    30 ||    43
       Mephitic Cloud    |       |       |     7 |     7 ||    14
       Sticky Flame      |       |       |     6 |    26 ||    32
       Slow              |       |       |       |     5 ||     5
       Blink             |       |       |       |     2 ||     2
Invok: Channel Magic     |       |       |       |     1 ||     1
Evoke: Wand              |       |       |     1 |       ||     1
  Use: Scroll            |       |       |     8 |     6 ||    14
       Potion            |       |       |     1 |       ||     1
  Eat: Chunk             |     1 |     9 |    18 |     7 ||    35
       Ration            |       |       |     2 |     3 ||     5
Armor: Robe              |     4 |     3 |    10 |    22 ||    39
Dodge: Dodged            |    10 |     5 |    36 |    53 ||   104
Block: Buckler           |       |       |       |     5 ||     5
